 Dungeon Crawl Stone Soup version 0.27.0-1-g7a089689b8 (console) character file.

Game seed: 10092110172129844271

164 ratboy the Agent of Entropy (level 5, -6/47 HPs)
             Began as a Hill Orc Abyssal Knight on Aug 13, 2021.
             Was a Priest of Lugonu.
             Mangled by an orc (8 damage)
             ... on level 4 of the Dungeon.
             The game lasted 00:05:50 (4007 turns).

ratboy the Agent of Entropy (HOAK)                  Turns: 4007, Time: 00:05:50

Health: -6/47      AC:  5    Str: 16    XL:     5   Next: 45%
Magic:  9/9        EV: 10    Int: 12    God:    Lugonu [***...]
Gold:   104        SH:  0    Dex: 10    Spells: 4/4 levels left

rFire    . . .     SeeInvis .   a - +1 hand axe
rCold    . . .     Faith    .   (no shield)
rNeg     . . .     Spirit   .   f - +0 ring mail
rPois    .         Reflect  .   (no helmet)
rElec    .         Harm     .   (no cloak)
rCorr    .         Rampage  .   (no gloves)
Will     .....                  (no boots)
Stlth    ..........             (no amulet)
HPRegen  0.15/turn              (no ring)
MPRegen  0.11/turn              (no ring)

@: no status effects
A: no striking features
a: Renounce Religion, Depart the Abyss, Bend Space, Banish


You were on level 4 of the Dungeon.
You worshipped Lugonu.
Lugonu was most pleased with you.
You visited 1 branch of the dungeon, and saw 4 of its levels.
You visited the Abyss 1 time.

You collected 104 gold pieces.

Inventory:

Hand Weapons
 a - a +1 hand axe (weapon)
 o - a +0 mace of protection
Missiles
 b - 112 stones (quivered)
Armour
 f - a +0 ring mail (worn)
 i - a +0 cloak
Scrolls
 e - a scroll of identify {unknown}
 h - 3 scrolls of enchant armour {unknown}
 k - 2 scrolls of fear {unknown}
 m - 2 scrolls of immolation {unknown}
 n - a scroll of amnesia {unknown}
Potions
 c - a potion of flight {unknown}
 d - a potion of heal wounds {unknown}
 g - a potion of degeneration {unknown}
 j - a potion of curing {unknown}
 l - a potion of ambrosia {unknown}


   Skills:
 + Level 4.7 Fighting
 + Level 4.2 Axes
 - Level 2.1 Armour
 - Level 0.7 Dodging
 * Level 5.4 Invocations


You had 4 spell levels left.
You didn't know any spells.
Your spell library was empty.

Dungeon Overview and Level Annotations

Branches:
Dungeon (4/15)
 Temple: D:4-7

Altars:

Annotations:
D:2 1 runed translucent door, Crazy Yiuf, Sigmund


Message History

Items here: ) ? [ †.
You hit the giant cockroach.
The giant cockroach is severely wounded.
The orc barely misses you.
The giant cockroach bites you but does no damage.
You slash the giant cockroach!
You kill the giant cockroach!
Lugonu accepts your kill.
Your ring mail prevents you from hitting the orc.
The orc closely misses you. x2
The orc barely misses you.
You hit the orc.
The orc is lightly wounded.
You closely miss the orc. The orc closely misses you. x2
You closely miss the orc.
The orc is lightly wounded.
You closely miss the orc. The orc barely misses you.
The orc hits you with a +0 trident. x2; The orc closely misses you.
You barely miss the orc.
The orc is lightly wounded.
You barely miss the orc. The orc hits you with a +0 flail.
The orc hits you but does no damage.
You barely miss the orc.
The orc is lightly wounded.
You completely miss the orc. The orc hits you with a +0 flail!
The orc hits you but does no damage.
You hit the orc but do no damage.
The orc is lightly wounded.
You barely miss the orc. The orc hits you with a +0 flail.
The orc barely misses you.
You barely miss the orc.
The orc is lightly wounded.
You hit the orc. The orc closely misses you.
The orc hits you with a +0 trident. The orc hits you with a +0 flail!
* * * LOW HITPOINT WARNING * * *
The orc barely misses you.
You barely miss the orc.
The orc is almost dead.
The orc hits you with a +0 flail!
* * * LOW HITPOINT WARNING * * *
The orc hits you from afar with a +0 trident.
* * * LOW HITPOINT WARNING * * *
The orc hits you with a +0 flail!
You die...

#.....###.<.##..#
#.....##...## .#
#.....#....####
#.....).........
.##...............
...................
..................#
...................
...................
#...........######
..........@.##
.........o...##
......##)...).###
.#....##o...#)..##
#).........###..#
#...........#####
.......###...#
....... ##...#
....... ......#
....... ..##...#
....... ... ###..


You could see 2 orcs.

Vanquished Creatures
  An orc priest (D:4)
  3 gnolls (D:2)
  2 adders (D:2)
  3 worms (D:2)
  A dart slug (D:3)
  2 orcs (D:4)
  A ball python (D:4)
  8 endoplasms
  4 giant cockroaches
  5 goblins
  7 hobgoblins
  6 jackals (D:1)
  3 quokkas
  7 bats
  7 frilled lizards
  7 kobolds
  8 rats
75 creatures vanquished.

Vanquished Creatures (others)
  4 plants (D:1)
4 creatures vanquished.

Grand Total: 79 creatures vanquished

Notes
Turn   | Place    | Note
-------+----------+-------------------------------------------
     0 | Abyss:1  | ratboy the Hill Orc Abyssal Knight began the quest for the
                  | Orb.
     0 | Abyss:1  | Reached XP level 1. HP: 19/19 MP: 2/2
    25 | D:1      | Escaped the Abyss
   192 | D:1      | Reached XP level 2. HP: 27/27 MP: 4/4
   219 | D:1      | Reached skill level 3 in Invocations
   449 | D:1      | Reached XP level 3. HP: 28/33 MP: 5/5
   595 | D:1      | Reached ** piety under Lugonu
  1708 | D:2      | Found a runed translucent door.
  1709 | D:2      | Noticed Crazy Yiuf
  1923 | D:2      | Reached skill level 4 in Invocations
  2380 | D:2      | Reached XP level 4. HP: 40/40 MP: 7/7
  3180 | D:2      | Noticed Sigmund
  3301 | D:3      | Reached XP level 5. HP: 39/47 MP: 8/8
  3380 | D:3      | Found a faded altar of an unknown god.
  3388 | D:3      | Reached skill level 5 in Invocations
  3683 | D:3      | Reached *** piety under Lugonu
  4005 | D:4      | HP: 2/47 [orc (9)]
  4007 | D:4      | Mangled by an orc

Illustrated notes

Levels and vault maps discovered:
D:1:      minmay_arrival_stair_chambers, layout_basic, serial_forest,
          infiniplex_forest_clump_tiny, infiniplex_forest_end_double,
          infiniplex_forest_clump_C, infiniplex_forest_split,
          infiniplex_forest_clump_tiny, infiniplex_forest_straight_2,
          infiniplex_forest_straight_3, infiniplex_forest_straight_5,
          infiniplex_forest_corner_1, kennysheep_small_spiral
D:2:      layout_basic, uniq_sigmund, uniq_crazy_yiuf_cottage
D:3:      layout_rooms, dreamdust_ecumenical_altar_statues
D:4:      layout_layer_cave, minmay_temple_entry_drinking_statues

Skill      XL: |  1  2  3  4  5 |
---------------+----------------+-----
Axes           | 3 4 |  4.2
Invocations    | 3 4 5 |  5.4
Fighting       | 4 |  4.7
Armour         | |  2.1
Dodging        | |  0.7

Action                   |  1- 3 |  4- 6 || total
-------------------------+-------+-------++-------
Melee: Hand axe          |   185 |   115 ||   300
Throw: Stone             |     3 |       ||     3
Armor: Leather armour    |     3 |       ||     3
       Ring mail         |    43 |    29 ||    72
Dodge: Dodged            |    82 |    65 ||   147
